AoeStats
← julius

Arena

509890151Analyzed
1v1 RM · 2d ago on Sep 28, 2026· 24m 19s· 2 players
Game mode
Random Map
Map size
Tiny (2 player)
Population
200
Speed
Normal
Resources
Standard
Victory
Conquest
Starting age
Dark Age
Ending age
Imperial Age
RankedLock teamsTeams togetherTeam positionsShared explorationLock speedFull tech treeHidden civsTurbo modeCheats
Victory
Defeat
🇩🇪 Varangians · Germany
1030
+18
🇩🇪 Magyars · Germany
1065
-18
Ibu
10:09 Feudal Age
10:36 Double-Bit Axe
13:38 Castle Age
11:40 Horse Collar
15:34 Bow Saw
julius
10:41 Feudal Age
12:36 Double-Bit Axe
14:56 Castle Age
12:52 Horse Collar
15:47 Bow Saw
18:01 Heavy Plow
19:43 Loom
20:35 Wheelbarrow
21:32 Scale Mail Armor
21:22 Elite Skirmisher
22:45 Fletching
Connection lost

Rejoining the realm…

Still unreachable

The connection could not be restored.

Session expired

The server has moved on; the page needs a fresh start.